 Dungeon Crawl Stone Soup version 0.25-a0-189-gf71692caf1 (webtiles) character file.

Game seed: 4962046786283286764, levelgen mode: deterministic

5210 Myrm the Grappler (level 10, 0/101 HPs)
             Began as a Troll Monk on Nov 28, 2019.
             Was an Elder of Nemelex Xobeh.
             Slain by a blink frog (11 damage)
             ... on level 1 of the Lair of Beasts on Nov 29, 2019.
             The game lasted 01:01:11 (8483 turns).

Myrm the Grappler (Troll Monk)                      Turns: 8483, Time: 01:01:11

Health: 0/101      AC:  6    Str: 24    XL:     10   Next: 35%
Magic:  11/11      EV: 12    Int:  6    God:    Nemelex Xobeh [****..]
Gold:   541        SH:  0    Dex: 12    Spells: 9/9 levels left

rFire    . . .     SeeInvis .     - Unarmed
rCold    + . .     Gourm    +   (no shield)
rNeg     . . .     Faith    .   a - +1 robe
rPois    .         Spirit   .   (helmet restricted)
rElec    .         Reflect  .   (no cloak)
rCorr    .         Harm     .   (gloves unavailable)
MR       .....                  (boots unavailable)
Stlth    +++.......             s - amulet of regeneration
HPRegen  1.06/turn              h - ring of protection from cold
MPRegen  0.12/turn              (no ring)

@: no status effects
A: large, unfitting armour, claws 3, deformed body, fast metabolism 3, gourmand,
regeneration 1, robust 1, shaggy fur 1, tough skin 3, MP-powered wands
a: Draw Escape, Draw Destruction, Draw Summoning, Triple Draw, Deal Four,
Renounce Religion


You were on level 1 of the Lair of Beasts.
You worshipped Nemelex Xobeh.
Nemelex Xobeh was greatly pleased with you.
You were very full.

You visited 3 branches of the dungeon, and saw 10 of its levels.

You collected 565 gold pieces.
You spent 24 gold pieces at shops.

Inventory:

Armour
 a - a +1 robe (worn)
Jewellery
 e - an uncursed amulet of rage
 g - an uncursed amulet of magic regeneration
 h - a ring of protection from cold (left claw)
 i - an uncursed amulet of harm
 s - an amulet of regeneration (around neck)
Wands
 j - a wand of flame (15)
 l - a wand of acid (7)
 m - a wand of random effects (21)
 n - a wand of iceblast (7)
 p - a wand of scattershot (3)
Scrolls
 c - 8 scrolls of remove curse
 d - 3 scrolls of amnesia
 f - a scroll of enchant armour
 o - a scroll of identify
 u - 2 scrolls of teleportation
Potions
 k - 4 potions of heal wounds
 q - a potion of mutation
 t - a potion of flight
 v - a potion of magic
 w - a potion of brilliance
Comestibles
 b - 16 rations


   Skills:
 + Level 3.8 Fighting
 + Level 5.6 Dodging
 * Level 4.5 Stealth
 + Level 11.0 Unarmed Combat
 - Level 0.2 Invocations
 * Level 3.3 Evocations


You had 9 spell levels left.
You didn't know any spells.
Your spell library contained the following spells:

 Spells                   Type           Power        Failure   Level  Hunger
 Flame Tongue             Conj/Fire      #....        45%         1    ##.....
 Shock                    Conj/Air       #...         45%         1    ##.....
 Swiftness                Chrm/Air       #.......     58%         2    ###....
 Throw Flame              Conj/Fire      #.....       58%         2    ###....
 Conjure Flame            Conj/Fire      #.......     83%         3    ####...
 Inner Flame              Hex/Fire       #.......     83%         3    ####...
 Static Discharge         Conj/Air       #.......     83%         3    ####...
 Airstrike                Air            #.........   99%         4    #####..
 Sticky Flame             Conj/Fire      #.......     99%         4    #####..
 Fireball                 Conj/Fire      #.........   100%        5    ######.
 Lightning Bolt           Conj/Air       #.........   100%        5    ######.


Dungeon Overview and Level Annotations

Branches:
Dungeon (8/15)             Temple (1/1) D:4            Lair (1/6) D:8

Altars:
Ashenzari
Cheibriados
Dithmenos
Elyvilon
Fedhas
Gozag
Kikubaaqudgha
Makhleb
Nemelex Xobeh
Okawaru
Qazlal
Ru
Sif Muna
Trog
Uskayaw
Vehumet
Wu Jian
Xom
Yredelemnul
Zin
The Shining One
Lugonu

Shops:
D:6 (:(   D:7 *


Innate Abilities, Weirdness & Mutations

You are too large for most types of armour.
You have claws for hands.
Your metabolism is lightning-fast.
You like to eat raw meat.
Your natural rate of healing is unusually fast.
You are covered in fur. (AC +1)
You have extremely tough skin. (AC +3)
Armour fits poorly on your strangely shaped body.
You are robust. (+10% HP)
You expend magic power (3 MP) to strengthen your wands.


Message History

You blow up the blink frog!
Your Unarmed Combat skill increases to level 11!
Press: ? - help, v - describe, . - travel
Here: a blink frog The floor.
The blink frog blinks!
You closely miss the blink frog. The blink frog hits you!
The blink frog blinks!
The blink frog hits you!
You closely miss the blink frog. The blink frog hits you!
You miss the blink frog. The blink frog hits you!!
* * * LOW HITPOINT WARNING * * *
You draw a card...
You have drawn Exile.
The blink frog is devoured by a tear in reality.
The plant is devoured by a tear in reality.
The blink frog blinks!
The blink frog hits you!
* * * LOW HITPOINT WARNING * * *
The blink frog blinks!
The blink frog hits you!
You die...
Your body glows slightly and disappears.

#.....#### #......# ##....###
#...^## ##..## ....# ##P..##
....P ### #####..P..### ....###
#§###§......#...##
#.....###.†§F@..#.####...##
#.....F...######### ###..##
###...##### ### #...#
#..####### #.### ##.##
#..P##...### #...#####.#
####.###.....# #......#..##
###....###....######..........#
.............................##
.....................<........#


You could see a blink frog.

Vanquished Creatures
  Joseph (D:8)
  Prince Ribbit (D:8)
  A blink frog (Lair:1)
  2 hippogriffs
  4 yaks
  A wyvern (D:8)
  Eustachio (D:4)
  A human (D:7)
  2 hogs (D:7)
  A water moccasin (Lair:1)
  2 orc warriors (D:6)
  A black bear (D:8)
  3 ogres
  A centaur (D:7)
  3 crocodiles
  A big kobold (D:5)
  4 bullfrogs
  A scorpion (D:8)
  A bullfrog zombie (D:7)
  3 howler monkeys (D:5)
  3 crimson imps
  A centaur zombie (D:7)
  4 hounds
  2 orc priests (D:8)
  Crazy Yiuf (D:6)
  An iron imp (D:8)
  2 jellies (D:3)
  6 orc wizards
  4 worker ants
  Terence (D:2)
  Natasha (thrice) (D:2)
  A hound zombie (D:7)
  2 worker ant zombies
  10 adders
  4 gnolls (D:8)
  A shadow imp (D:8)
  8 oozes (D:3)
  An adder zombie (D:7)
  6 worms
  An adder skeleton (D:5)
  2 dart slugs
  7 leopard geckos
  18 orcs
  5 giant cockroaches
  12 goblins
  4 hobgoblins
  5 jackals (D:4)
  15 kobolds
  4 quokkas
  9 bats
  10 frilled lizards
  9 rats
  A plant (Lair:1)
198 creatures vanquished.

Vanquished Creatures (collateral kills)
  A phantom (D:5)
  A bullfrog skeleton (D:5)
  An iguana (D:5)
  A frilled lizard (D:5)
4 creatures vanquished.

Vanquished Creatures (others)
  A blink frog (Lair:1)
  A hog (D:7)
  An orc (D:8)
  A fungus (D:3)
  A plant (Lair:1)
  7 toadstools (D:3)
12 creatures vanquished.

Grand Total: 214 creatures vanquished

Notes
Turn   | Place    | Note
-------+----------+-------------------------------------------
     0 | D:1      | Myrm the Troll Monk began the quest for the Orb.
     0 | D:1      | Reached XP level 1. HP: 22/22 MP: 0/0
   104 | D:1      | Reached XP level 2. HP: 19/29 MP: 1/1
   742 | D:2      | Noticed Natasha
   755 | D:2      | Killed Natasha
   755 | D:2      | Reached XP level 3. HP: 36/36 MP: 2/2
   768 | D:2      | Noticed Terence
   777 | D:2      | Killed Terence
   777 | D:2      | Reached XP level 4. HP: 44/44 MP: 3/3
   951 | D:2      | Noticed Natasha
   960 | D:2      | Killed Natasha
   960 | D:2      | Reached skill level 4 in Unarmed Combat
   971 | D:2      | Gained mutation: Armour fits poorly on your strangely
                  | shaped body. [potion of mutation]
   971 | D:2      | Gained mutation: You expend magic power (3 MP) to
                  | strengthen your wands. [potion of mutation]
   971 | D:2      | Gained mutation: You are robust. (+10% HP) [potion of
                  | mutation]
  1154 | D:2      | Found a glowing silver altar of Zin.
  1158 | D:2      | Found a hide-covered altar of Uskayaw.
  1163 | D:2      | Reached XP level 5. HP: 57/57 MP: 4/4
  1447 | D:2      | Found a snail-covered altar of Cheibriados.
  1458 | D:2      | Noticed Natasha
  1466 | D:2      | Killed Natasha
  2043 | D:3      | Found a shimmering blue altar of Sif Muna.
  2043 | D:3      | Found a basalt altar of Yredelemnul.
  2537 | D:3      | Reached XP level 6. HP: 60/64 MP: 5/5
  2689 | D:3      | Found a white marble altar of Elyvilon.
  2798 | D:4      | Noticed Eustachio
  2828 | D:3      | Reached skill level 5 in Unarmed Combat
  2885 | D:4      | Killed Eustachio
  2885 | D:4      | Reached XP level 7. HP: 54/72 MP: 6/6
  2890 | D:4      | Found an ancient bone altar of Kikubaaqudgha.
  2993 | D:4      | Found a shadowy altar of Dithmenos.
  3077 | D:4      | Found a staircase to the Ecumenical Temple.
  3263 | Temple   | Entered the Ecumenical Temple
  3306 | Temple   | Became a worshipper of Nemelex Xobeh the Trickster
  3306 | Temple   | Received a gift from Nemelex Xobeh
  3306 | Temple   | Reached * piety under Nemelex Xobeh
  3306 | Temple   | Received a gift from Nemelex Xobeh
  3306 | Temple   | Received a gift from Nemelex Xobeh
  3306 | Temple   | Reached ** piety under Nemelex Xobeh
  3528 | D:4      | Found a shimmering altar of Xom.
  3967 | D:5      | Entered Level 5 of the Dungeon
  4015 | D:5      | Reached skill level 6 in Unarmed Combat
  4096 | D:5      | Received a gift from Nemelex Xobeh
  4774 | D:5      | Reached XP level 8. HP: 82/82 MP: 7/7
  5028 | D:6      | Found Jueluk's Book Boutique.
  5091 | D:6      | Reached skill level 7 in Unarmed Combat
  5131 | D:6      | Received a gift from Nemelex Xobeh
  5192 | D:6      | Found Qutaet's Antique Weapon Boutique.
  5201 | D:6      | Reached skill level 5 in Dodging
  5309 | D:6      | Found Feler's Antique Weapon Boutique.
  5432 | D:6      | Reached *** piety under Nemelex Xobeh
  5443 | D:6      | Found a runed translucent door.
  5446 | D:6      | Noticed Crazy Yiuf
  5450 | D:6      | Killed Crazy Yiuf
  5556 | D:6      | Found a shattered altar of Ashenzari.
  5687 | D:6      | Found a glowing golden altar of the Shining One.
  5815 | D:7      | Found Wogic's General Store.
  5820 | D:7      | Bought a scroll of identify for 24 gold pieces
  5831 | D:7      | Received a gift from Nemelex Xobeh
  5954 | D:7      | Reached skill level 8 in Unarmed Combat
  5954 | D:7      | Reached skill level 1 in Evocations
  5954 | D:7      | Reached XP level 9. HP: 59/91 MP: 7/9
  6062 | D:7      | Reached skill level 9 in Unarmed Combat
  6519 | D:7      | Found a white marble altar of Elyvilon.
  6693 | D:8      | Found a sacrificial altar of Ru.
  6748 | D:8      | Noticed Prince Ribbit
  6761 | D:8      | Killed Prince Ribbit
  6817 | D:8      | Reached skill level 10 in Unarmed Combat
  7030 | D:8      | Found a staircase to the Lair.
  7031 | D:8      | Received a gift from Nemelex Xobeh
  7032 | D:8      | Upgraded the game from 0.25-a0-185-g6cfeca75b2 to
                  | 0.25-a0-189-gf71692caf1
  7060 | D:8      | Noticed Joseph
  7071 | D:8      | Killed Joseph
  7415 | D:8      | Reached XP level 10. HP: 101/101 MP: 11/11
  7470 | D:8      | Reached **** piety under Nemelex Xobeh
  7647 | D:8      | Found a snail-covered altar of Cheibriados.
  7731 | D:8      | Received a gift from Nemelex Xobeh
  8139 | Lair:1   | Entered Level 1 of the Lair of Beasts
  8235 | Lair:1   | Noticed a spiny frog
  8476 | Lair:1   | Reached skill level 11 in Unarmed Combat
  8483 | Lair:1   | Slain by a blink frog

Levels and vault maps discovered:
D:1:      mrwooster_arrival_arrow, layout_rooms
D:2:      layout_basic, marbit_many_paths, grunt_temple_overflow_open,
          first_ration, kennysheep_potato, uniq_terence, uniq_natasha
D:3:      cheibrodos_fertilizer, layout_rooms, gammafunk_temple_overflow_wave,
          elyvilon_altar_3
D:4:      layout_basic, kiku_gazebo_garden_becter, grunt_dithmenos_smoke,
          nicolae_overflow_hidden_temple, minmay_temple_entry_glass,
          uniq_eustachio
D:5:      layout_basic, minmay_holes
D:6:      layout_loops_ring, tso_oasis_becter, cheibrodos_ashenzari_chains,
          serial_shops, shop, shop, shop, uniq_crazy_yiuf_cottage
D:7:      layout_basic, lemuel_round_altar, serial_shops, shop, moated_statue,
          grunt_livestock, st_stairs_3
D:8:      layout_gridville, nicolae_ru_awakened_eye, lair_entry_dummy,
          minivault_11, chei_slow_surprise, uniq_joseph, uniq_prince_ribbit1
Temple:   corrupted_temple
Lair:1:   layout_cave_pods

Skill      XL: |  1  2  3  4  5  6  7  8  9 10 |
---------------+-------------------------------+-----
Dodging        | 3 4 5 |  5.6
Unarmed Combat | 4 5 6 8 10 11 | 11.0
Stealth        | 2 3 4 |  4.5
Fighting       | 3 |  3.8
Evocations     | 1 2 3 |  3.3
Invocations    | |  0.2

Action                   |  1- 3 |  4- 6 |  7- 9 | 10-12 || total
-------------------------+-------+-------+-------+-------++-------
Melee: Unarmed           |    70 |   197 |   219 |    80 ||   566
       Punch             |     2 |     1 |     9 |     5 ||    17
 Abil: Draw Destruction  |       |       |    12 |     1 ||    13
       Draw Summoning    |       |       |     1 |       ||     1
       Draw Escape       |       |       |       |     1 ||     1
Evoke: Wand              |       |       |     4 |       ||     4
  Use: Scroll            |     5 |     3 |     6 |       ||    14
       Potion            |     1 |     4 |     3 |     1 ||     9
 Stab: Sleeping          |       |     4 |     2 |     2 ||     8
  Eat: Chunk             |    12 |    13 |    40 |     9 ||    74
       Ration            |       |     1 |       |     1 ||     2
Armor: Robe              |    55 |   112 |    45 |    15 ||   227
Dodge: Dodged            |    77 |   180 |   104 |    37 ||   398

Table legend:
 A = Non-vault XP
 B = Vault XP
 C = Vault XP percentage of total XP
 D = Non-vault monster count
 E = Vault monster count
 F = Vault count percentage of total count
                 A         B        C        D         E       F
            +---------+---------+-------+---------+---------+-------
      Total |    5204 |    2239 |  30.1 |     169 |      35 |  17.2
            +---------+---------+-------+---------+---------+-------
        D:1 |      39 |       0 |   0.0 |      25 |       0 |   0.0
        D:2 |     171 |      83 |  32.7 |      30 |       6 |  16.7
        D:3 |     138 |     148 |  51.7 |      14 |      17 |  54.8
        D:4 |      72 |     202 |  73.7 |       9 |       1 |  10.0
        D:5 |     640 |       0 |   0.0 |      23 |       0 |   0.0
        D:6 |     622 |      40 |   6.0 |      14 |       1 |   6.7
        D:7 |     668 |    1013 |  60.3 |      11 |       7 |  38.9
        D:8 |    1486 |     753 |  33.6 |      35 |       3 |   7.9
     Lair:1 |    1368 |       0 |   0.0 |       8 |       0 |   0.0
            +---------+---------+-------+---------+---------+-------
